Map: Terrazze Prion

Players

NeXusBasHeR

  • Race: Zerg Zerg
  • League: Master

Airmax - Winner!

  • Race: Terran Terran
  • League: Master

VOD

Have the link to the VOD?

Description

Time

  • Played on: April 30, 2016, 4:12 p.m.
  • Length: 13:23
Show
View Real Time Build Order
Export as new Build Order

NeXusBasHeR Zerg 

Build Orders: Pool First 

Get SALT Encoding   

  12  0:00  Drone  
  13  0:12  Overlord  
  13  0:17  Drone  
  14  0:26  Extractor  
  14  0:27  Drone  
  15  0:38  Spawning Pool  
  15  0:41  Drone  
  15  0:45  Drone  
  15  0:49  Drone  
  17  1:11  Hatchery  
  16  1:14  Drone  
  16  1:16  Drone  
  18  1:21  Drone  
  19  1:28  Zergling x2  
  20  1:36  Queen  
  22  1:40  Extractor  
  22  1:42  Zergling x2  
  22  1:58  Hatchery  
  21  2:03  Overlord  
  21  2:09  Drone  
  22  2:37  Queen  
  22  2:38  Queen  
  22  2:40  Drone  
  22  2:41  Drone  
  28  2:52  Drone  
  28  2:53  Drone x3  
  31  3:05  Spore Crawler  
  29  3:08  Metabolic Boost  
  30  3:25  Drone  
  30  3:26  Drone x8  
  39  3:33  Drone x3  
  41  3:55  Overlord x2  
  41  3:56  Overlord  
  41  3:59  Roach Warren  
  41  4:00  Evolution Chamber  
  39  4:11  Overlord  
  39  4:13  Drone  
  39  4:14  Drone x7  
  47  4:28  Drone x7  
  54  4:38  Overlord x2  
  54  4:40  Zerg Missile Weapons Level 1  
  54  4:41  Roach  
  56  4:46  Spore Crawler  
  56  4:52  Roach x5  
  62  4:56  Extractor  
  62  4:58  Roach  
  62  4:59  Roach x2  
  67  5:10  Roach x3  
  71  5:28  Hatchery  
  65  5:37  Spore Crawler  
  64  5:43  Drone x6  
  64  5:47  Extractor  
  69  5:51  Lair  
  69  6:03  Queen  
  71  6:06  Ravager  
  69  6:17  Drone x5  
  69  6:18  Drone x8  
  81  6:24  Ravager  
  81  6:25  Extractor  
  81  6:35  Overlord x3, Ravager  
  79  7:04  Zerg Missile Weapons Level 2  
  79  7:06  Queen  
  81  7:11  Overlord x4  
  81  7:19  Extractor  
  81  7:20  Extractor  
  79  7:24  Overlord x4  
  79  7:29  Ravager x2  
  78  7:33  Overseer  
  80  7:44  Roach x6  
  80  7:47  Queen  
  94  7:58  Roach  
  94  7:59  Roach x4  
  94  8:01  Ravager  
  103  8:08  Glial Reconstitution  
  103  8:20  Zergling x2  
  103  8:21  Zergling x6  
  103  8:23  Queen  
  103  8:24  Hatchery x2  
  107  8:30  Overlord x2  
  107  8:31  Roach x3  
  107  8:32  Roach x5  
  107  8:33  Roach  
  125  8:37  Ravager x2  
  127  8:50  Roach x6  
  127  8:51  Roach x3  
  147  9:03  Roach x7  
  157  9:19  Roach x6  
  169  9:28  Zerg Ground Armor Level 1  
  169  9:30  Roach x3  
  141  9:54  Roach x12  
  141  9:55  Roach  
  167  10:19  Roach  
  167  10:20  Roach x2  
  173  10:21  Overlord x2  
  157  10:36  Ravager  
  157  10:37  Ravager x7  
  157  10:42  Zergling x24  
  177  10:43  Zergling x4  
  177  10:44  Queen  
  181  11:00  Zergling x8  
  181  11:01  Zergling x10  
  181  11:03  Overlord  
  110  11:22  Roach  
  110  11:23  Roach x12  
  107  11:29  Roach x4  
  112  11:38  Roach  
  112  11:39  Roach x5  
  111  11:52  Roach  
  111  11:53  Roach x4  
  117  11:57  Ravager x5  
  117  11:58  Ravager  
  117  12:00  Zergling x2  
  117  12:01  Zergling x4  
  122  12:02  Queen  
  122  12:04  Zergling x2  
  122  12:05  Zergling x18  
  134  12:13  Zergling x2  
  134  12:14  Zergling x2  
  132  12:18  Infestation Pit  
  132  12:20  Ravager x3  
  132  12:21  Zergling x2  
  132  12:22  Zergling x6  
  136  12:42  Hatchery  
  136  12:44  Roach x7  
  129  12:45  Roach x5  
Show
View Real Time Build Order
Export as new Build Order

Airmax Terran - Winner!

Build Orders: Liberator Opening, Reaper Expand, Bio Tank 

Get SALT Encoding   

  12  0:01  SCV  
  13  0:13  SCV  
  14  0:17  Supply Depot  
  14  0:25  SCV  
  15  0:39  SCV  
  15  0:40  Barracks  
  16  0:46  Refinery  
  16  0:51  SCV  
  17  1:03  SCV  
  18  1:15  SCV  
  19  1:28  Orbital Command  
  19  1:30  Reaper  
  20  1:43  Command Center  
  20  1:54  SCV  
  20  1:56  Supply Depot  
  20  2:02  Marine  
  20  2:06  SCV  
  22  2:10  Factory  
  22  2:18  SCV  
  22  2:19  Refinery  
  23  2:27  Barracks Reactor  
  23  2:30  SCV  
  24  2:42  SCV  
  25  2:54  SCV  
  25  2:58  Factory Tech Lab  
  26  3:00  Starport  
  27  3:08  Orbital Command  
  27  3:09  SCV  
  27  3:11  Marine x2  
  29  3:16  Widow Mine  
  31  3:21  SCV  
  32  3:27  Supply Depot  
  32  3:32  Marine x2  
  32  3:33  SCV  
  35  3:34  Orbital Command  
  35  3:39  Medivac  
  37  3:47  SCV  
  38  3:50  Marine x2, Siege Tank  
  43  3:56  Liberator  
  43  4:05  Supply Depot  
  43  4:07  Supply Depot  
  43  4:08  Marine x2, SCV x2  
  50  4:20  SCV x2  
  52  4:28  Supply Depot  
  52  4:32  SCV x2  
  52  4:35  Factory Reactor  
  52  4:37  Command Center  
  54  4:44  SCV x2  
  56  4:49  Marine  
  56  4:51  Stimpack  
  57  4:56  SCV  
  57  4:57  Refinery, Engineering Bay x2  
  57  4:58  Refinery  
  58  5:01  Starport Reactor  
  58  5:05  SCV  
  59  5:08  SCV  
  59  5:12  Marine  
  59  5:14  Barracks x2  
  61  5:17  SCV  
  62  5:22  SCV  
  62  5:25  Terran Infantry Weapons Level 1  
  62  5:28  Factory Tech Lab  
  60  5:29  SCV  
  60  5:32  Marine  
  60  5:34  SCV  
  61  5:38  Terran Infantry Armor Level 1  
  61  5:41  SCV  
  62  5:46  SCV  
  62  5:48  Medivac  
  62  5:49  Marine  
  65  5:50  Barracks, Orbital Command  
  65  5:51  Barracks  
  65  5:55  SCV  
  67  5:58  SCV  
  68  6:05  Marine  
  68  6:06  Marine  
  68  6:07  Marine  
  68  6:08  SCV  
  68  6:10  SCV, Medivac  
  74  6:17  Marine x2  
  74  6:18  Medivac, Orbital Command  
  78  6:22  SCV x2  
  78  6:24  Marine  
  78  6:25  Siege Tank  
  84  6:28  Supply Depot x2  
  84  6:30  Refinery  
  84  6:32  Bunker  
  84  6:34  Refinery  
  84  6:35  Marine x2  
  84  6:36  Armory  
  86  6:41  Marine  
  86  6:43  Marauder, Medivac  
  86  6:44  Marine  
  92  6:47  SCV  
  92  6:50  SCV x2  
  92  6:55  Combat Shields  
  92  6:56  Barracks Reactor  
  92  6:57  Barracks Reactor  
  92  6:59  SCV  
  93  7:02  SCV x2  
  93  7:04  Marine  
  96  7:10  Marine  
  96  7:11  Marine x3, SCV  
  96  7:13  Siege Tank  
  96  7:14  SCV x2  
  106  7:21  Marine  
  106  7:22  Medivac  
  109  7:26  Supply Depot  
  109  7:28  Marine x2, SCV x2, Medivac  
  115  7:30  Marine  
  116  7:37  Supply Depot  
  116  7:38  Terran Infantry Weapons Level 2  
  116  7:39  Marauder, Supply Depot  
  116  7:40  Marine  
  116  7:44  Terran Infantry Armor Level 2  
  117  7:47  Marine x5  
  117  7:48  Marine  
  117  7:51  Marine  
  123  7:57  Marine  
  125  7:58  Medivac  
  125  7:59  Siege Tank  
  125  8:00  Marine  
  125  8:05  Marine  
  131  8:10  Supply Depot, Terran Vehicle Weapons Level 1  
  131  8:11  Supply Depot x2  
  131  8:12  Marine x5, Supply Depot  
  136  8:18  Medivac  
  136  8:19  Marine x2  
  141  8:28  Marine x2, Supply Depot  
  141  8:29  Marine, Supply Depot  
  144  8:37  Marine x3  
  144  8:38  Siege Tank  
  150  8:45  Marine  
  150  8:48  Marine x2  
  150  8:49  Marauder  
  150  8:50  Concussive Shells  
  150  8:51  Medivac  
  156  8:58  Marine x3  
  156  8:59  Marine  
  160  9:10  Marine x2, Marauder  
  164  9:21  Marine x2  
  164  9:22  Siege Tank, Medivac x2  
  164  9:23  Marine x3  
  176  9:24  Marine  
  176  9:27  Marine  
  176  9:29  Marine  
  179  9:31  Marauder  
  181  9:39  Marine x2  
  181  9:42  Marine x2  
  181  9:44  Marine  
  181  9:45  Marine x2  
  179  9:48  Marine  
  179  9:52  Medivac  
  165  9:53  Marauder, Medivac  
  165  9:54  Siege Tank  
  165  9:56  Marine x2  
  165  9:59  Marine x2  
  176  10:03  Terran Infantry Weapons Level 3  
  176  10:06  Terran Infantry Armor Level 3  
  174  10:12  Marine  
  174  10:13  Marine  
  176  10:14  Marauder  
  176  10:15  Marine  
  176  10:16  Marine x3  
  176  10:21  Marine  
  180  10:22  Medivac  
  180  10:27  Marine  
  181  10:30  Marine x2  
  181  10:33  Marine x2  
  181  10:34  Marine  
  181  10:36  Marauder  
  181  10:37  Command Center  
  178  10:47  Marine x2  
  180  10:50  Terran Vehicle Weapons Level 2  
  182  10:57  Marauder  
  182  10:59  Siege Tank  
  185  11:05  Factory, Barracks  
  185  11:07  Marine, Barracks  
  179  11:12  Marine  
  179  11:13  Marine  
  179  11:15  Marine x3  
  179  11:16  Marine  
  152  11:18  Marauder  
  152  11:19  Missile Turret, Marine  
  152  11:25  Marine  
  140  11:30  Marine  
  140  11:31  Marine  
  143  11:37  Marine x2  
  143  11:39  Siege Tank  
  150  11:40  Marauder, Medivac x2  
  150  11:44  Marine  
  150  11:45  Marine  
  150  11:47  Marine  
  150  11:53  Marine  
  149  11:54  Marine x2  
  149  11:55  Barracks Tech Lab  
  149  11:56  Factory Tech Lab  
  149  11:57  Barracks Tech Lab  
  149  11:58  Marine x2  
  155  12:01  Marauder  
  155  12:12  Marine  
  149  12:16  Medivac x2  
  155  12:22  Marauder  
  155  12:26  Marine x3, Marauder  
  155  12:29  Siege Tank  
  163  12:44  Marine x2, Marauder  
  161  12:46  Siege Tank  
  163  12:54  Marine x3  
  163  12:55  Marauder x2  
  169  13:02  Marine  
Tags
 
Add a new tag
Caveats
  • Supply blocks, unpowered buildings, or Contaminate may cause inaccurate times.
  • Supply counts are checked every 10 seconds.